 Dungeon Crawl Stone Soup version 0.27-a0-54-g64bdb92e38 (webtiles) character file.

Game seed: 2548915544136064067

35 Kinoniko the Skirmisher (level 3, 29/29 HPs)
             Began as a Demonspawn Berserker on Jan 7, 2021.
             Was a Believer of Trog.
             Quit the game on level 2 of the Dungeon.
             The game lasted 00:02:06 (1623 turns).

Kinoniko the Skirmisher (Demonspawn Berserker)      Turns: 1623, Time: 00:02:07

Health: 29/29      AC: 12    Str: 18    XL:     3   Next: 16%
Magic:  3/3        EV:  7    Int:  8    God:    Trog [**....]
Gold:   103        SH:  0    Dex: 12    Spells: 2/2 levels left

rFire    + . .     SeeInvis .   a - +0 hand axe
rCold    . . .     Faith    .   (no shield)
rNeg     . . .     Spirit   .   k - +0 chain mail
rPois    .         Reflect  .   (helmet restricted)
rElec    .         Harm     .   n - +2 cloak
rCorr    .         Rampage  .   f - +0 pair of gloves
Will     .....                  (no boots)
Stlth    ..........             (no amulet)
HPRegen  0.09/turn              (no ring)
MPRegen  0.08/turn              (no ring)

@: no status effects
A: antennae 1, fire resistance 1
a: Renounce Religion, Berserk, Trog's Hand


You were on level 2 of the Dungeon.
You worshipped Trog.
Trog was pleased with you.
You visited 1 branch of the dungeon, and saw 2 of its levels.

You collected 103 gold pieces.

Inventory:

Hand Weapons
 a - a +0 hand axe (weapon)
Armour
 b - a +0 animal skin
 f - a +0 pair of gloves (worn)
 h - a +0 leather armour
 k - a +0 chain mail (worn)
 n - a +2 cloak (worn)
 o - a +0 helmet
Scrolls
 d - a scroll of enchant weapon {unknown}
 e - a scroll of fog {unknown}
 g - a scroll of amnesia {unknown}
 i - a scroll of identify {unknown}
 l - a scroll of teleportation {unknown}
 m - a scroll of fear {unknown}
Potions
 c - 2 potions of lignification {unknown}
 j - a potion of mutation {unknown}


   Skills:
 + Level 3.5 Fighting
 * Level 3.5 Axes
 - Level 1.8 Armour
 - Level 1.8 Dodging


You had 2 spell levels left.
You didn't know any spells.
Your spell library was empty.

Dungeon Overview and Level Annotations

Branches:
Dungeon (2/15)

Altars:


Innate Abilities, Weirdness & Mutations

You have a pair of small antennae on your head.
Your flesh is heat resistant. (rF+)


Message History

A frilled lizard comes into view.
The frilled lizard hisses angrily.
You completely miss the frilled lizard. The frilled lizard barely misses you.
You miss the frilled lizard.
The frilled lizard bites you but does no damage.
You hit the frilled lizard.
You kill the frilled lizard!
Trog accepts your kill.
No target in view!
No target in view!
No target in view!
No target in view!
No target in view!
Found 22 stones.
Found a helmet.
You see here a helmet.
o - a helmet You now have 103 gold pieces (gained 6).
Okay, then.
Are you sure you want to abandon this character and quit the game? (Confirm with "yes".)

##. #.#####.............
.....####..............
.#..##....##...........
.#.. ...####....<......
#..##................(
+.#.....#.........#.....
#.#.....#.#.#...###.....
#.......................
#.?....@.#.....##.#.....
#..............##.......
#.......##.....# #......
#.#.....##.....# #......
........##.#.#.###....#.
...........#.#.#...#..#.
.#####.....#...#.>.#..#†
#......##..#........
####.#.##..#...###..


There were no monsters in sight!

Vanquished Creatures
  A worm (D:2)
  2 dart slugs (D:1)
  3 goblins
  2 hobgoblins (D:1)
  A quokka (D:2)
  2 bats (D:1)
  6 frilled lizards
  8 kobolds
  5 rats
30 creatures vanquished.

Notes
Turn   | Place    | Note
-------+----------+-------------------------------------------
     0 | D:1      | Kinoniko the Demonspawn Berserker began the quest for the
                  | Orb.
     0 | D:1      | Reached XP level 1. HP: 18/18 MP: 1/1
   347 | D:1      | Gained mutation: Your flesh is heat resistant. (rF+)
                  | [demonic ancestry]
   347 | D:1      | Reached XP level 2. HP: 23/24 MP: 2/2
  1268 | D:2      | Reached ** piety under Trog
  1269 | D:2      | Gained mutation: You have a pair of small antennae on your
                  | head. [demonic ancestry]
  1269 | D:2      | Reached XP level 3. HP: 25/29 MP: 3/3
  1623 | D:2      | Quit the game

Illustrated notes

Levels and vault maps discovered:
D:1:      ncdulo_lavacross, layout_basic, minmay_misc_feat_tower
D:2:      layout_rooms, kennysheep_cross_room, grunt_ministairs_7,
          kennysheep_generic_room_7

Skill      XL: |  1 |
---------------+----+-----
Axes           | 3 |  3.5
Fighting       | |  3.5
Armour         | |  1.8
Dodging        | |  1.8

Action                   || total
-------------------------++-------
Melee: Hand axe          ||    88
Invok: Berserk           ||     3
 Stab: Sleeping          ||     1
Armor: Animal skin       ||    13
       Chain mail        ||     2
Dodge: Dodged            ||    61

Table legend: (Time is in decaauts)
 A = Elapsed time spent in this place.
 B = Non-inter-level travel time spent in this place.
 C = Inter-level travel time spent in this place.
 D = Time resting spent in this place.
 E = Time spent auto-exploring this place.
 F = Levels seen in this place.
 G = Mean time per level.
                   A        B        C        D        E       F      G
               +--------+--------+--------+--------+--------+-----+--------+
         Total |   1659 |   1624 |     35 |    444 |    899 |   2 |  829.5 |
       Dungeon |   1659 |   1624 |     35 |    444 |    899 |   2 |  829.5 |
               +--------+--------+--------+--------+--------+-----+--------+

Top non-repeatable levels by time:
     D:1: 1074 daAuts
     D:2: 584 daAuts
